Bruins vs Ice Hogs

Created - Tuesday, January 12, 2016 at 02:30

Goals
1 2 3 T
Bruins 0 1 0 1
Ice Hogs 0 1 1 2
Shots
1 2 3 T
Bruins 7 6 5 18
Ice Hogs 6 10 12 28

1st period

No Goal

Penalties :
Viktor Svedberg (RIH) for Tripping (Minor) at 2:04

2nd period

1. Ice Hogs , Travis Morin 2 (Scott Wilson, Colin McDonald) at 6:48 (PP)
2. Bruins , Buddy Robinson 1 (Kevin Porter, Andrew Agozzino) at 13:07

Penalties :
Viktor Svedberg (RIH) for Fighting (Major) at 1:38, Johan Alm (Pro) for Fighting (Major) at 1:38, Tim Schaller (RIH) for High sticking (Minor) at 2:15, Buddy Robinson (Pro) for Holding (Minor) at 6:05, Scott Wilson (RIH) for Roughing (Minor) at 8:24

3rd period

3. Ice Hogs , J.T. Miller 17 (Frank Corrado, Matt Fraser) at 10:13 (PP)

Penalties :
J.T. Miller (RIH) for Hooking (Minor) at 0:42, Johan Alm (Pro) for Charging (Minor) at 9:58

Goalie Stats

Philipp Grubauer (Pro), 26 saves from 28 shots - (0.929), L, 18-6-12, 59:17 minutes
Yann Danis (RIH), 17 saves from 18 shots - (0.944), W, 26-8-8, 60:00 minutes

Players Stats for Bruins

Player Name              G  A  P  +/- PIM S  H  SB GA TA FO     MP     PP MP  PK MP  
------------------------------------------------------------------------------------
Andrew Agozzino          0  1  1   1  0   5  1  1  1  0  0/1    19:30   3:55   0:00 
Andrew Cherniwchan       0  0  0   0  0   0  0  1  1  0  0/0    14:46   0:00   0:00 
Beau Schmitz             0  0  0   0  0   0  0  1  0  3  0/0    12:27   0:00   0:00 
Brandon Alderson         0  0  0   0  0   0  0  0  0  0  0/0     0:02   0:00   0:00 
Buddy Robinson           1  0  1   1  2   1  2  0  1  0  1/3    19:44   3:55   0:15 
Cole Schneider           0  0  0   0  0   3  0  1  2  1  1/1    17:44   4:01   0:00 
Conor Allen              0  0  0   0  0   0  0  1  1  1  0/0    23:40   5:08   0:58 
Dennis Everberg          0  0  0   0  0   2  1  2  1  1  0/0    22:29   4:01   0:58 
Dennis Rasmussen         0  0  0   0  0   2  1  1  0  0  6/9     7:45   0:00   0:43 
Johan Alm                0  0  0   1  7   0  0  0  0  0  0/0    22:02   1:43   0:11 
Jordan Oesterle          0  0  0   0  0   0  0  0  0  1  0/0    18:46   2:48   0:00 
Kael Mouillierat         0  0  0   0  0   0  2  0  1  0  5/9    16:49   0:00   0:00 
Kevin Czuczman           0  0  0   1  0   0  2  1  0  0  0/0    15:47   1:05   0:00 
Kevin Porter             0  1  1   1  0   0  1  1  2  1  4/8    19:30   3:55   0:00 
Marc Hagel               0  0  0   0  0   2  3  0  2  0  0/1    15:56   0:00   0:00 
Marko Dano               0  0  0   0  0   2  3  1  5  2  3/15   17:44   4:01   0:00 
Raman Hrabarenka         0  0  0   0  0   0  7  3  0  1  0/0    27:27   5:08   0:58 
Sam Henley               0  0  0   0  0   1  0  0  1  0  0/0     7:02   0:00   0:00 

Players Stats for Ice Hogs

Player Name              G  A  P  +/- PIM S  H  SB GA TA FO     MP     PP MP  PK MP  
------------------------------------------------------------------------------------
Alexey Marchenko         0  0  0   0  0   4  0  1  1  2  0/0    19:54   0:31   3:47 
Anton Volchenkov         0  0  0  -1  0   3  3  2  0  0  0/0    23:06   0:43   4:09 
Colin McDonald           0  1  1  -1  0   3  2  1  2  0  0/0    16:59   0:16   3:55 
Derek Hulak              0  0  0   0  0   1  0  0  0  0  0/0    10:29   0:00   0:00 
Frank Corrado            0  1  1   0  0   0  1  2  0  0  0/0    23:46   0:42   3:47 
J.T. Miller              1  0  1   0  2   2  2  1  7  0  0/0    19:02   0:42   3:04 
Jean-Philippe Cote       0  0  0   0  0   0  0  0  0  1  0/0    17:37   0:00   0:00 
Mathieu Brodeur          0  0  0  -1  0   0  2  1  0  1  0/0    19:45   0:00   4:09 
Matt Fraser              0  1  1   0  0   2  2  0  1  0  1/1    14:30   0:42   0:12 
Oscar Lindberg           0  0  0   0  0   3  2  0  3  0  1/3    12:55   0:00   0:00 
Petr Straka              0  0  0   0  0   0  1  0  0  1  1/2    12:50   0:00   0:00 
Ryan Haggerty            0  0  0   0  0   0  1  0  0  1  0/1    10:29   0:00   0:00 
Scott Wilson             0  1  1  -1  2   0  1  1  1  0  0/2    14:50   0:16   1:48 
T.J. Tynan               0  0  0   0  0   1  3  0  0  0  4/6    10:29   0:00   0:00 
Tim Schaller             0  0  0   0  2   5  1  0  0  0  10/18  18:38   0:42   2:58 
Travis Morin             1  0  1  -1  0   1  1  0  0  0  10/14  17:48   0:16   3:55 
Viktor Svedberg          0  0  0   0  7   2  1  0  0  0  0/0    16:02   0:00   0:00 
Will Acton               0  0  0   0  0   1  1  0  0  0  0/0    12:50   0:00   0:00 

3 Stars

1 - Yann Danis (RIH)
2 - Buddy Robinson (Pro)
3 - Raman Hrabarenka (Pro)

Power Play

Bruins - 0 on 4 Attempt(s) - 0.00%
Ice Hogs - 2 on 2 Attempt(s) - 100.00%

Penalty Kill

Bruins - 0 on 2 Attempt(s) - 0.00% - Score 0 goal in Penalty Kill
Ice Hogs - 4 on 4 Attempt(s) - 100.00% - Score 0 goal in Penalty Kill

Team Stat

Bruins - Hits : 23 - Faceoff Wins : 20 - Blocked Shots : 14 - Penalty Minutes : 9
Ice Hogs - Hits : 24 - Faceoff Wins : 27 - Blocked Shots : 9 - Penalty Minutes : 13

Official

Referees : Unknown
Linesman : Unknown

Game Notes

Johan Alm beats up Viktor Svedberg at 1:38 of 2nd period

Finance

Level 1 -- Attendance: 1394 (69.70%) -- Ticket Income $48,790
Level 2 -- Attendance: 681 (68.10%) -- Ticket Income $10,215
Total Attendance: 2075 (69.17%)
Total Ticket Income: $59,005
Other Income: $28,912
Total Income: $87,917

Bruins

5 vs 5 Forward 
   Center                   Left Wing                Right Wing               Time % Phy DF OF 
 1 Marko Dano               Dennis Everberg          Cole Schneider           35     1   2  2  
 2 Kevin Porter             Andrew Agozzino          Buddy Robinson           30     1   2  2  
 3 Kael Mouillierat         Marc Hagel               Andrew Cherniwchan       22     1   2  2  
 4 Dennis Rasmussen         Sam Henley               Dennis Everberg          13     1   2  2  

5 vs 5 Defense 
   Defense                  Defense                                           Time % Phy DF OF 
 1 Raman Hrabarenka         Conor Allen                                       35     1   2  2  
 2 Johan Alm                Jordan Oesterle                                   30     1   2  2  
 3 Johan Alm                Kevin Czuczman                                    22     1   2  2  
 4 Beau Schmitz             Raman Hrabarenka                                  13     1   2  2  

PowerPlay Forward 
   Center                   Left Wing                Right Wing               Time % Phy DF OF 
 1 Marko Dano               Dennis Everberg          Cole Schneider           60     1   2  2  
 2 Kevin Porter             Andrew Agozzino          Buddy Robinson           40     1   2  2  

PowerPlay Defense
   Defense                  Defense                                           Time % Phy DF OF 
 1 Raman Hrabarenka         Conor Allen                                       60     1   2  2  
 2 Johan Alm                Jordan Oesterle                                   40     1   2  2  

Penalty Kill 4 Players Forward 
   Center                   Wing                     Time % Phy DF OF 
 1 Buddy Robinson           Dennis Everberg          60     1   2  2  
 2 Cole Schneider           Kevin Porter             40     1   2  2  

Penalty Kill 4 Players Defense
   Defense                  Defense                  Time % Phy DF OF 
 1 Raman Hrabarenka         Conor Allen              60     1   2  2  
 2 Johan Alm                Jordan Oesterle          40     1   2  2  

Penalty Kill - 3 Players Forward 
   Forward                                           Time % Phy DF OF 
 1 Cole Schneider                                    60     1   2  2  
 2 Dennis Everberg                                   40     1   2  2  

Penalty Kill - 3 Players Defense
   Defense                  Defense                  Time % Phy DF OF 
 1 Raman Hrabarenka         Conor Allen              60     1   2  2  
 2 Beau Schmitz             Jordan Oesterle          40     1   2  2  

4 vs 4 Forward 
   Center                   Wing                     Time % Phy DF OF 
 1 Kael Mouillierat         Dennis Everberg          60     1   2  2  
 2 Cole Schneider           Kevin Porter             40     1   2  2  

4 vs 4 Defense
   Defense                  Defense                  Time % Phy DF OF 
 1 Raman Hrabarenka         Conor Allen              60     1   2  2  
 2 Kevin Czuczman           Jordan Oesterle          40     1   2  2  

Last Minutes Offensive
   Center                   Left Wing                Right Wing               Defense                  Defense                  
   Marko Dano               Dennis Everberg          Cole Schneider           Raman Hrabarenka         Conor Allen              

Last Minutes Defensive
   Center                   Left Wing                Right Wing               Defense                  Defense                  
   Marko Dano               Dennis Everberg          Cole Schneider           Raman Hrabarenka         Conor Allen              

Goaltenders
Starting : Philipp Grubauer         
Backup : Connor Hellebuyck        

Extra Forwards
Normal : Kael Mouillierat, Marc Hagel, Dennis Rasmussen - PP : Kael Mouillierat, Marc Hagel - PK : Dennis Rasmussen
Extra Defensemen
Normal : Johan Alm, Kevin Czuczman, Beau Schmitz - PP : Johan Alm - PK : Kevin Czuczman, Beau Schmitz
Penalty Shots
Marc Hagel, Dennis Everberg, Cole Schneider, Kevin Porter, Buddy Robinson

Ice Hogs

5 vs 5 Forward 
   Center                   Left Wing                Right Wing               Time % Phy DF OF 
 1 Tim Schaller             Matt Fraser              J.T. Miller              30     0   2  3  
 2 Travis Morin             Scott Wilson             Colin McDonald           25     0   2  3  
 3 Oscar Lindberg           Will Acton               Petr Straka              25     1   2  2  
 4 T.J. Tynan               Derek Hulak              Ryan Haggerty            20     1   2  2  

5 vs 5 Defense 
   Defense                  Defense                                           Time % Phy DF OF 
 1 Anton Volchenkov         Mathieu Brodeur                                   30     1   2  2  
 2 Alexey Marchenko         Frank Corrado                                     30     1   2  2  
 3 Viktor Svedberg          Jean-Philippe Cote                                30     1   2  2  
 4 Anton Volchenkov         Frank Corrado                                     10     1   2  2  

PowerPlay Forward 
   Center                   Left Wing                Right Wing               Time % Phy DF OF 
 1 Tim Schaller             Matt Fraser              J.T. Miller              50     1   1  3  
 2 Travis Morin             Scott Wilson             Colin McDonald           50     1   1  3  

PowerPlay Defense
   Defense                  Defense                                           Time % Phy DF OF 
 1 Anton Volchenkov         Viktor Svedberg                                   50     0   2  3  
 2 Alexey Marchenko         Frank Corrado                                     50     0   2  3  

Penalty Kill 4 Players Forward 
   Center                   Wing                     Time % Phy DF OF 
 1 Tim Schaller             J.T. Miller              50     1   3  1  
 2 Travis Morin             Colin McDonald           50     1   3  1  

Penalty Kill 4 Players Defense
   Defense                  Defense                  Time % Phy DF OF 
 1 Anton Volchenkov         Mathieu Brodeur          50     1   4  0  
 2 Alexey Marchenko         Frank Corrado            50     1   4  0  

Penalty Kill - 3 Players Forward 
   Forward                                           Time % Phy DF OF 
 1 Tim Schaller                                      50     1   4  0  
 2 Travis Morin                                      50     1   4  0  

Penalty Kill - 3 Players Defense
   Defense                  Defense                  Time % Phy DF OF 
 1 Anton Volchenkov         Mathieu Brodeur          50     1   4  0  
 2 Alexey Marchenko         Frank Corrado            50     1   4  0  

4 vs 4 Forward 
   Center                   Wing                     Time % Phy DF OF 
 1 Oscar Lindberg           Petr Straka              50     1   2  2  
 2 Travis Morin             Colin McDonald           50     1   2  2  

4 vs 4 Defense
   Defense                  Defense                  Time % Phy DF OF 
 1 Alexey Marchenko         Frank Corrado            50     1   2  2  
 2 Viktor Svedberg          Jean-Philippe Cote       50     1   2  2  

Last Minutes Offensive
   Center                   Left Wing                Right Wing               Defense                  Defense                  
   Tim Schaller             J.T. Miller              Colin McDonald           Anton Volchenkov         Frank Corrado            

Last Minutes Defensive
   Center                   Left Wing                Right Wing               Defense                  Defense                  
   Travis Morin             Tim Schaller             J.T. Miller              Anton Volchenkov         Frank Corrado            

Goaltenders
Starting : Yann Danis               
Backup : Ryan Faragher            

Extra Forwards
Normal : Colin McDonald, Oscar Lindberg, Matt Fraser - PP : Colin McDonald, Matt Fraser - PK : Scott Wilson
Extra Defensemen
Normal : Frank Corrado, Viktor Svedberg, Anton Volchenkov - PP : Frank Corrado - PK : Frank Corrado, Anton Volchenkov
Penalty Shots
Travis Morin, Colin McDonald, J.T. Miller, Oscar Lindberg, Scott Wilson

% Time on Ice - Bruins

Lines # - Real PCT - Wanted PCT - Time Play
Normal Forward
1 - 25% - 35% - 12:43
2 - 31% - 30% - 15:35
3 - 29% - 22% - 14:46
4 - 14% - 13% - 7:02
Normal Defense
1 - 32% - 35% - 16:16
2 - 32% - 30% - 15:58
3 - 21% - 22% - 10:17
4 - 15% - 13% - 7:35
PP Forward
1 - 51% - 60% - 4:01
2 - 49% - 40% - 3:55
PP Defense
1 - 65% - 60% - 5:08
2 - 35% - 40% - 2:48
PK Forward
1 - 100% - 60% - 0:58
2 - 0% - 40% - 0:00
PK Defense
1 - 100% - 60% - 0:58
2 - 0% - 40% - 0:00
PK3 Forward
1 - 0% - 60%
2 - 0% - 40%
PK3 Defense
1 - 0% - 60%
2 - 0% - 40%
44 Forward
1 - 0% - 60%
2 - 0% - 40%
44 Defense
1 - 0% - 60%
2 - 0% - 40%
Last Minute Offensive  - 1:00
Last Minute Defensive  - 0:00
Total
Forward - 60:00
Defense - 60:00

% Time on Ice - Ice Hogs

Lines # - Real PCT - Wanted PCT - Time Play
Normal Forward
1 - 28% - 30% - 14:10
2 - 25% - 25% - 12:48
3 - 26% - 25% - 12:50
4 - 21% - 20% - 10:29
Normal Defense
1 - 31% - 30% - 15:36
2 - 30% - 30% - 15:07
3 - 35% - 30% - 17:37
4 - 4% - 10% - 1:57
PP Forward
1 - 72% - 50% - 0:42
2 - 28% - 50% - 0:16
PP Defense
1 - 74% - 50% - 0:43
2 - 26% - 50% - 0:15
PK Forward
1 - 51% - 50% - 4:01
2 - 49% - 50% - 3:55
PK Defense
1 - 52% - 50% - 4:09
2 - 48% - 50% - 3:47
PK3 Forward
1 - 0% - 50%
2 - 0% - 50%
PK3 Defense
1 - 0% - 50%
2 - 0% - 50%
44 Forward
1 - 0% - 50%
2 - 0% - 50%
44 Defense
1 - 0% - 50%
2 - 0% - 50%
Last Minute Offensive  - 0:00
Last Minute Defensive  - 0:49
Total
Forward - 60:00
Defense - 60:00

Play by Play

1st period


0:01 of 1st period - Marko Dano wins face-off versus Tim Schaller in neutral zone.
0:12 of 1st period - Wrist shot by J.T. Miller.
0:12 of 1st period - Stopped by Philipp Grubauer without a rebound.
0:13 of 1st period - Matt Fraser wins face-off versus Marko Dano in Bruins zone.
0:14 of 1st period - Snap shot by J.T. Miller.
0:14 of 1st period - Shot Blocked by Conor Allen.
0:16 of 1st period - Snap shot by Anton Volchenkov.
0:16 of 1st period - Deflect By Cole Schneider.
0:16 of 1st period - Stopped by Philipp Grubauer with a rebound.
0:18 of 1st period - Slapshot by Mathieu Brodeur.
0:18 of 1st period - Shot Misses the Net.
0:20 of 1st period - Snap shot by Tim Schaller.
0:20 of 1st period - Shot Blocked by Dennis Everberg.
0:29 of 1st period - Off-side.
0:30 of 1st period - Kevin Porter wins face-off versus Travis Morin in neutral zone.
0:33 of 1st period - Wrist shot by Andrew Agozzino.
0:33 of 1st period - Stopped by Yann Danis without a rebound.
0:34 of 1st period - Travis Morin wins face-off versus Andrew Agozzino in Ice Hogs zone.
0:57 of 1st period - Alexey Marchenko is hit by Kevin Porter.
1:23 of 1st period - Petr Straka is hit by Kael Mouillierat.
2:04 of 1st period - Minor Penalty to Viktor Svedberg for Tripping.
2:05 of 1st period - Tim Schaller wins face-off versus Marko Dano in Ice Hogs zone.
2:36 of 1st period - Slapshot by Tim Schaller.
2:36 of 1st period - Shot Misses the Net.
3:49 of 1st period - Alexey Marchenko is hit by Marko Dano and loses puck.
4:04 of 1st period - Penalty to Viktor Svedberg is over, Viktor Svedberg is back on ice.
4:06 of 1st period - Snap shot by Andrew Agozzino.
4:06 of 1st period - Stopped by Yann Danis with a rebound.
4:14 of 1st period - Tim Schaller is hit by Buddy Robinson and loses puck.
6:00 of 1st period - Icing by Mathieu Brodeur.
6:01 of 1st period - Travis Morin wins face-off versus Marko Dano in Ice Hogs zone.
6:01 of 1st period - Travis Morin is hit by Kevin Czuczman.
6:09 of 1st period - Cole Schneider is hit by Mathieu Brodeur and loses puck.
6:58 of 1st period - Wrist shot by Dennis Rasmussen.
6:58 of 1st period - Stopped by Yann Danis with a rebound.
7:39 of 1st period - Kael Mouillierat is hit by Matt Fraser and loses puck.
7:46 of 1st period - Wrist shot by Tim Schaller.
7:46 of 1st period - Stopped by Philipp Grubauer without a rebound.
7:47 of 1st period - Kael Mouillierat wins face-off versus Oscar Lindberg in Bruins zone.
7:57 of 1st period - Icing by Oscar Lindberg.
7:58 of 1st period - Petr Straka wins face-off versus Marko Dano in Ice Hogs zone.
9:11 of 1st period - Raman Hrabarenka is hit by Viktor Svedberg and loses puck.
10:45 of 1st period - Off-side.
10:46 of 1st period - Travis Morin wins face-off versus Dennis Rasmussen in neutral zone.
11:35 of 1st period - Raman Hrabarenka is hit by Will Acton and loses puck.
11:55 of 1st period - Cole Schneider is hit by Oscar Lindberg and loses puck.
12:26 of 1st period - Cole Schneider is hit by Anton Volchenkov and loses puck.
12:43 of 1st period - Snap shot by Tim Schaller.
12:43 of 1st period - Shot Misses the Net.
12:45 of 1st period - Slapshot by Anton Volchenkov.
12:45 of 1st period - Shot Hit the Post.
12:47 of 1st period - Snap shot by J.T. Miller.
12:47 of 1st period - Shot Blocked by Kevin Porter.
13:03 of 1st period - Slapshot by Colin McDonald.
13:03 of 1st period - Stopped by Philipp Grubauer with a rebound.
13:38 of 1st period - Icing by Jean-Philippe Cote.
13:39 of 1st period - Dennis Rasmussen wins face-off versus T.J. Tynan in Ice Hogs zone.
13:50 of 1st period - Snap shot by Dennis Rasmussen.
13:50 of 1st period - Stopped by Yann Danis without a rebound.
13:51 of 1st period - Tim Schaller wins face-off versus Dennis Rasmussen in Ice Hogs zone.
14:36 of 1st period - Off-side.
14:37 of 1st period - Oscar Lindberg wins face-off versus Kevin Porter in neutral zone.
16:17 of 1st period - Slapshot by Dennis Everberg.
16:17 of 1st period - Deflect By Frank Corrado.
16:17 of 1st period - Stopped by Yann Danis with a rebound.
16:21 of 1st period - Slapshot by Cole Schneider.
16:21 of 1st period - Stopped by Yann Danis without a rebound.
16:22 of 1st period - Tim Schaller wins face-off versus Kael Mouillierat in Ice Hogs zone.
17:22 of 1st period - Wrist shot by Oscar Lindberg.
17:22 of 1st period - Stopped by Philipp Grubauer with a rebound.
17:24 of 1st period - Slapshot by Anton Volchenkov.
17:24 of 1st period - Shot Misses the Net.
17:26 of 1st period - Slapshot by Anton Volchenkov.
17:26 of 1st period - Shot Misses the Net.
17:46 of 1st period - Snap shot by Will Acton.
17:46 of 1st period - Stopped by Philipp Grubauer with a rebound.
18:42 of 1st period - Derek Hulak is hit by Marc Hagel and loses puck.
19:00 of 1st period - Snap shot by Marc Hagel.
19:00 of 1st period - Stopped by Yann Danis with a rebound.
Goals for this period are 0 for Bruins vs 0 for Ice Hogs.
Shots for this period are 7 for Bruins vs 6 for Ice Hogs.

2nd period


0:01 of 2nd period - Tim Schaller wins face-off versus Marko Dano in neutral zone.
0:33 of 2nd period - Wrist shot by Cole Schneider.
0:33 of 2nd period - Shot Misses the Net.
1:10 of 2nd period - Kevin Porter is hit by Travis Morin and loses puck.
1:38 of 2nd period - Johan Alm beats up Viktor Svedberg.
1:38 of 2nd period - Penalty to Viktor Svedberg for Fighting.
1:38 of 2nd period - Penalty to Johan Alm for Fighting.
1:39 of 2nd period - Kael Mouillierat wins face-off versus Tim Schaller in Ice Hogs zone.
2:15 of 2nd period - Minor Penalty to Tim Schaller for High sticking.
2:16 of 2nd period - Travis Morin wins face-off versus Marko Dano in Ice Hogs zone.
2:16 of 2nd period - Travis Morin is hit by Raman Hrabarenka.
2:29 of 2nd period - Slapshot by Cole Schneider.
2:29 of 2nd period - Stopped by Yann Danis with a rebound.
2:51 of 2nd period - Wrist shot by Marko Dano.
2:51 of 2nd period - Stopped by Yann Danis with a rebound.
2:53 of 2nd period - Wrist shot by Dennis Everberg.
2:53 of 2nd period - Shot Misses the Net.
3:06 of 2nd period - Off-side.
3:07 of 2nd period - Travis Morin wins face-off versus Kevin Porter in neutral zone.
4:15 of 2nd period - Penalty to Tim Schaller is over, Tim Schaller is back on ice.
4:38 of 2nd period - Raman Hrabarenka is hit by Mathieu Brodeur and loses puck.
4:53 of 2nd period - Ryan Haggerty is hit by Marc Hagel and loses puck.
5:04 of 2nd period - Beau Schmitz is hit by T.J. Tynan and loses puck.
5:19 of 2nd period - Petr Straka is hit by Dennis Rasmussen and loses puck.
5:28 of 2nd period - Dennis Everberg is hit by Petr Straka and loses puck.
5:33 of 2nd period - Slapshot by Oscar Lindberg.
5:33 of 2nd period - Deflect By Will Acton.
5:33 of 2nd period - Shot Misses the Net.
5:33 of 2nd period - Puck is out of play.
5:34 of 2nd period - Travis Morin wins face-off versus Kevin Porter in Bruins zone.
5:59 of 2nd period - Slapshot by Alexey Marchenko.
5:59 of 2nd period - Stopped by Philipp Grubauer with a rebound.
6:05 of 2nd period - Minor Penalty to Buddy Robinson for Holding.
6:06 of 2nd period - Dennis Rasmussen wins face-off versus Tim Schaller in Bruins zone.
6:06 of 2nd period - Dennis Rasmussen is hit by Tim Schaller.
6:15 of 2nd period - Off-side.
6:16 of 2nd period - Dennis Rasmussen wins face-off versus Tim Schaller in neutral zone.
6:19 of 2nd period - Tim Schaller is hit by Raman Hrabarenka and loses puck.
6:32 of 2nd period - Wrist shot by Dennis Everberg.
6:32 of 2nd period - Stopped by Yann Danis without a rebound.
6:33 of 2nd period - Dennis Rasmussen wins face-off versus Travis Morin in Ice Hogs zone.
6:34 of 2nd period - Wrist shot by Dennis Everberg.
6:34 of 2nd period - Shot Blocked by Colin McDonald.
6:38 of 2nd period - Penalty to Johan Alm is over, Johan Alm is back on ice.
6:46 of 2nd period - Backhand shot by Scott Wilson.
6:46 of 2nd period - Shot Misses the Net.
6:48 of 2nd period - Wrist shot by Travis Morin.
6:48 of 2nd period - Goal by Travis Morin - Bruins : 0 - Ice Hogs : 1.
6:49 of 2nd period - Buddy Robinson wins face-off versus Petr Straka in neutral zone.
7:38 of 2nd period - Slapshot by J.T. Miller.
7:38 of 2nd period - Shot Misses the Net.
7:52 of 2nd period - Snap shot by Marko Dano.
7:52 of 2nd period - Shot Misses the Net.
8:24 of 2nd period - Minor Penalty to Scott Wilson for Roughing.
8:25 of 2nd period - Travis Morin wins face-off versus Marko Dano in Ice Hogs zone.
9:58 of 2nd period - Marko Dano is hit by Anton Volchenkov and loses puck.
10:11 of 2nd period - Tim Schaller is hit by Marko Dano and loses puck.
10:24 of 2nd period - Penalty to Scott Wilson is over, Scott Wilson is back on ice.
10:52 of 2nd period - Backhand shot by Ryan Haggerty.
10:52 of 2nd period - Deflect By Derek Hulak.
10:52 of 2nd period - Shot Misses the Net.
10:52 of 2nd period - Puck is out of play.
10:53 of 2nd period - T.J. Tynan wins face-off versus Kael Mouillierat in Bruins zone.
11:02 of 2nd period - Ryan Haggerty is hit by Marc Hagel and loses puck.
11:19 of 2nd period - Snap shot by Anton Volchenkov.
11:19 of 2nd period - Shot Blocked by Andrew Cherniwchan.
11:21 of 2nd period - Snap shot by Viktor Svedberg.
11:21 of 2nd period - Stopped by Philipp Grubauer with a rebound.
11:39 of 2nd period - Will Acton is hit by Kael Mouillierat and loses puck.
11:52 of 2nd period - Wrist shot by Petr Straka.
11:52 of 2nd period - Shot Blocked by Beau Schmitz.
11:54 of 2nd period - Slapshot by Viktor Svedberg.
11:54 of 2nd period - Stopped by Philipp Grubauer with a rebound.
11:56 of 2nd period - Wrist shot by Oscar Lindberg.
11:56 of 2nd period - Shot Blocked by Dennis Rasmussen.
11:58 of 2nd period - Backhand shot by Viktor Svedberg.
11:58 of 2nd period - Shot Hit the Post.
12:00 of 2nd period - Wrist shot by Oscar Lindberg.
12:00 of 2nd period - Shot Misses the Net.
12:02 of 2nd period - Slapshot by Alexey Marchenko.
12:02 of 2nd period - Stopped by Philipp Grubauer without a rebound.
12:03 of 2nd period - Tim Schaller wins face-off versus Dennis Rasmussen in Bruins zone.
12:20 of 2nd period - Slapshot by Tim Schaller.
12:20 of 2nd period - Stopped by Philipp Grubauer with a rebound.
12:22 of 2nd period - Slapshot by Tim Schaller.
12:22 of 2nd period - Shot Blocked by Dennis Everberg.
12:24 of 2nd period - Slapshot by Tim Schaller.
12:24 of 2nd period - Shot Misses the Net.
12:26 of 2nd period - Slapshot by Alexey Marchenko.
12:26 of 2nd period - Stopped by Philipp Grubauer without a rebound.
12:27 of 2nd period - Travis Morin wins face-off versus Buddy Robinson in Bruins zone.
12:30 of 2nd period - Wrist shot by Colin McDonald.
12:30 of 2nd period - Stopped by Philipp Grubauer without a rebound.
12:31 of 2nd period - Kevin Porter wins face-off versus Travis Morin in Bruins zone.
12:31 of 2nd period - Kevin Porter is hit by Scott Wilson.
13:03 of 2nd period - Wrist shot by Andrew Agozzino.
13:03 of 2nd period - Stopped by Yann Danis with a rebound.
13:05 of 2nd period - Wrist shot by Kevin Porter.
13:05 of 2nd period - Shot Blocked by Anton Volchenkov.
13:07 of 2nd period - Wrist shot by Buddy Robinson.
13:07 of 2nd period - Goal by Buddy Robinson - Bruins : 1 - Ice Hogs : 1.
13:08 of 2nd period - Kael Mouillierat wins face-off versus Tim Schaller in neutral zone.
13:41 of 2nd period - Snap shot by Marc Hagel.
13:41 of 2nd period - Stopped by Yann Danis without a rebound.
13:42 of 2nd period - Kevin Porter wins face-off versus Oscar Lindberg in Ice Hogs zone.
14:15 of 2nd period - Wrist shot by Oscar Lindberg.
14:15 of 2nd period - Shot Blocked by Andrew Agozzino.
14:17 of 2nd period - Slapshot by Petr Straka.
14:17 of 2nd period - Shot Misses the Net.
14:31 of 2nd period - Snap shot by Travis Morin.
14:31 of 2nd period - Shot Misses the Net.
14:51 of 2nd period - Wrist shot by Scott Wilson.
14:51 of 2nd period - Shot Blocked by Cole Schneider.
14:53 of 2nd period - Snap shot by Colin McDonald.
14:53 of 2nd period - Stopped by Philipp Grubauer with a rebound.
15:23 of 2nd period - Andrew Cherniwchan is hit by T.J. Tynan and loses puck.
15:30 of 2nd period - Slapshot by T.J. Tynan.
15:30 of 2nd period - Deflect By Raman Hrabarenka.
15:30 of 2nd period - Stopped by Philipp Grubauer without a rebound.
15:31 of 2nd period - Tim Schaller wins face-off versus Marc Hagel in Bruins zone.
17:10 of 2nd period - Wrist shot by Andrew Agozzino.
17:10 of 2nd period - Shot Misses the Net.
19:00 of 2nd period - Slapshot by Tim Schaller.
19:00 of 2nd period - Deflect By Matt Fraser.
19:00 of 2nd period - Shot Misses the Net.
19:00 of 2nd period - Puck is out of play.
19:01 of 2nd period - Tim Schaller wins face-off versus Kevin Porter in Bruins zone.
19:39 of 2nd period - Off-side.
19:40 of 2nd period - Travis Morin wins face-off versus Marko Dano in neutral zone.
Goals for this period are 1 for Bruins vs 1 for Ice Hogs.
Shots for this period are 6 for Bruins vs 10 for Ice Hogs.

3rd period


0:01 of 3rd period - Cole Schneider wins face-off versus Tim Schaller in neutral zone.
0:16 of 3rd period - Wrist shot by Marko Dano.
0:16 of 3rd period - Stopped by Yann Danis with a rebound.
0:18 of 3rd period - Slapshot by Raman Hrabarenka.
0:18 of 3rd period - Deflect By Marko Dano.
0:18 of 3rd period - Shot Misses the Net.
0:18 of 3rd period - Puck is out of play.
0:19 of 3rd period - Tim Schaller wins face-off versus Marko Dano in Ice Hogs zone.
0:24 of 3rd period - Snap shot by Marko Dano.
0:24 of 3rd period - Shot Blocked by Frank Corrado.
0:26 of 3rd period - Slapshot by Raman Hrabarenka.
0:26 of 3rd period - Shot Blocked by J.T. Miller.
0:28 of 3rd period - Wrist shot by Cole Schneider.
0:28 of 3rd period - Shot Misses the Net.
0:30 of 3rd period - Slapshot by Marko Dano.
0:30 of 3rd period - Shot Misses the Net.
0:42 of 3rd period - Minor Penalty to J.T. Miller for Hooking.
0:43 of 3rd period - Kevin Porter wins face-off versus Travis Morin in Ice Hogs zone.
0:45 of 3rd period - Wrist shot by Kevin Porter.
0:45 of 3rd period - Shot Blocked by Anton Volchenkov.
0:47 of 3rd period - Snap shot by Buddy Robinson.
0:47 of 3rd period - Shot Misses the Net.
0:51 of 3rd period - Wrist shot by Andrew Agozzino.
0:51 of 3rd period - Stopped by Yann Danis with a rebound.
0:53 of 3rd period - Wrist shot by Conor Allen.
0:53 of 3rd period - Shot Misses the Net.
0:55 of 3rd period - Slapshot by Buddy Robinson.
0:55 of 3rd period - Shot Blocked by Mathieu Brodeur.
1:05 of 3rd period - Snap shot by Andrew Agozzino.
1:05 of 3rd period - Shot Misses the Net.
1:07 of 3rd period - Snap shot by Andrew Agozzino.
1:07 of 3rd period - Shot Misses the Net.
1:09 of 3rd period - Slapshot by Raman Hrabarenka.
1:09 of 3rd period - Shot Misses the Net.
1:17 of 3rd period - Snap shot by Andrew Agozzino.
1:17 of 3rd period - Stopped by Yann Danis without a rebound.
1:18 of 3rd period - Marko Dano wins face-off versus Scott Wilson in Ice Hogs zone.
1:21 of 3rd period - Slapshot by Marko Dano.
1:21 of 3rd period - Shot Blocked by Scott Wilson.
1:23 of 3rd period - Slapshot by Jordan Oesterle.
1:23 of 3rd period - Shot Misses the Net.
1:25 of 3rd period - Snap shot by Marko Dano.
1:25 of 3rd period - Shot Misses the Net.
1:27 of 3rd period - Wrist shot by Dennis Everberg.
1:27 of 3rd period - Shot Blocked by Alexey Marchenko.
1:29 of 3rd period - Slapshot by Jordan Oesterle.
1:29 of 3rd period - Shot Hit the Post.
2:09 of 3rd period - Alexey Marchenko is hit by Andrew Agozzino and loses puck.
2:42 of 3rd period - Penalty to J.T. Miller is over, J.T. Miller is back on ice.
2:55 of 3rd period - Johan Alm is hit by Colin McDonald and loses puck.
3:27 of 3rd period - Slapshot by Anton Volchenkov.
3:27 of 3rd period - Stopped by Philipp Grubauer with a rebound.
3:29 of 3rd period - Slapshot by Mathieu Brodeur.
3:29 of 3rd period - Shot Blocked by Kevin Czuczman.
3:57 of 3rd period - Dennis Everberg is hit by Ryan Haggerty and loses puck.
4:22 of 3rd period - T.J. Tynan is hit by Raman Hrabarenka and loses puck.
6:03 of 3rd period - Snap shot by Oscar Lindberg.
6:03 of 3rd period - Shot Misses the Net.
6:21 of 3rd period - Kael Mouillierat is hit by Oscar Lindberg and loses puck.
6:26 of 3rd period - Snap shot by Will Acton.
6:26 of 3rd period - Deflect By Oscar Lindberg.
6:26 of 3rd period - Shot Misses the Net.
6:26 of 3rd period - Puck is out of play.
6:27 of 3rd period - Dennis Rasmussen wins face-off versus Tim Schaller in Bruins zone.
6:38 of 3rd period - Dennis Rasmussen is hit by Matt Fraser and loses puck.
8:40 of 3rd period - Snap shot by Sam Henley.
8:40 of 3rd period - Stopped by Yann Danis with a rebound.
8:52 of 3rd period - Raman Hrabarenka is hit by Colin McDonald and loses puck.
9:05 of 3rd period - Travis Morin is hit by Raman Hrabarenka and loses puck.
9:43 of 3rd period - Tim Schaller is hit by Buddy Robinson and loses puck.
9:50 of 3rd period - Buddy Robinson is hit by J.T. Miller and loses puck.
9:55 of 3rd period - Backhand shot by Matt Fraser.
9:55 of 3rd period - Stopped by Philipp Grubauer without a rebound.
9:56 of 3rd period - Dennis Rasmussen wins face-off versus Ryan Haggerty in Bruins zone.
9:58 of 3rd period - Minor Penalty to Johan Alm for Charging.
9:59 of 3rd period - Tim Schaller wins face-off versus Buddy Robinson in Bruins zone.
10:03 of 3rd period - Wrist shot by Matt Fraser.
10:03 of 3rd period - Stopped by Philipp Grubauer with a rebound.
10:05 of 3rd period - Wrist shot by Tim Schaller.
10:05 of 3rd period - Stopped by Philipp Grubauer with a rebound.
10:07 of 3rd period - Slapshot by Tim Schaller.
10:07 of 3rd period - Stopped by Philipp Grubauer with a rebound.
10:09 of 3rd period - Snap shot by Matt Fraser.
10:09 of 3rd period - Shot Misses the Net.
10:11 of 3rd period - Slapshot by Frank Corrado.
10:11 of 3rd period - Shot Misses the Net.
10:13 of 3rd period - Wrist shot by J.T. Miller.
10:13 of 3rd period - Goal by J.T. Miller - Bruins : 1 - Ice Hogs : 2.
10:14 of 3rd period - Tim Schaller wins face-off versus Kael Mouillierat in neutral zone.
10:17 of 3rd period - Marc Hagel is hit by Frank Corrado and loses puck.
10:48 of 3rd period - Slapshot by Tim Schaller.
10:48 of 3rd period - Stopped by Philipp Grubauer with a rebound.
12:11 of 3rd period - Snap shot by Colin McDonald.
12:11 of 3rd period - Deflect By Scott Wilson.
12:11 of 3rd period - Shot Blocked by Marko Dano.
12:11 of 3rd period - Puck is out of play.
12:12 of 3rd period - T.J. Tynan wins face-off versus Marko Dano in Bruins zone.
12:15 of 3rd period - Wrist shot by Derek Hulak.
12:15 of 3rd period - Stopped by Philipp Grubauer without a rebound.
12:16 of 3rd period - T.J. Tynan wins face-off versus Marko Dano in Bruins zone.
12:24 of 3rd period - Off-side.
12:25 of 3rd period - T.J. Tynan wins face-off versus Kael Mouillierat in neutral zone.
12:40 of 3rd period - Jean-Philippe Cote is hit by Raman Hrabarenka.
13:09 of 3rd period - Viktor Svedberg is hit by Marko Dano.
13:32 of 3rd period - Anton Volchenkov is hit by Dennis Everberg and loses puck.
14:05 of 3rd period - Wrist shot by Oscar Lindberg.
14:05 of 3rd period - Shot Misses the Net.
15:09 of 3rd period - Slapshot by Colin McDonald.
15:09 of 3rd period - Shot Blocked by Raman Hrabarenka.
15:15 of 3rd period - Colin McDonald is hit by Raman Hrabarenka.
15:29 of 3rd period - Backhand shot by Anton Volchenkov.
15:29 of 3rd period - Stopped by Philipp Grubauer without a rebound.
15:30 of 3rd period - Kael Mouillierat wins face-off versus T.J. Tynan in Bruins zone.
15:30 of 3rd period - Kael Mouillierat is hit by T.J. Tynan.
15:42 of 3rd period - Jean-Philippe Cote is hit by Raman Hrabarenka and loses puck.
15:51 of 3rd period - Slapshot by T.J. Tynan.
15:51 of 3rd period - Shot Misses the Net.
15:53 of 3rd period - Snap shot by Anton Volchenkov.
15:53 of 3rd period - Shot Blocked by Raman Hrabarenka.
15:55 of 3rd period - Slapshot by Anton Volchenkov.
15:55 of 3rd period - Shot Blocked by Raman Hrabarenka.
17:05 of 3rd period - Off-side.
17:06 of 3rd period - Kael Mouillierat wins face-off versus Scott Wilson in neutral zone.
17:09 of 3rd period - Jean-Philippe Cote is hit by Kevin Czuczman and loses puck.
18:17 of 3rd period - Wrist shot by Oscar Lindberg.
18:17 of 3rd period - Stopped by Philipp Grubauer with a rebound.
18:19 of 3rd period - Snap shot by Oscar Lindberg.
18:19 of 3rd period - Stopped by Philipp Grubauer with a rebound.
18:29 of 3rd period - Slapshot by Alexey Marchenko.
18:29 of 3rd period - Stopped by Philipp Grubauer without a rebound.
18:30 of 3rd period - Marko Dano wins face-off versus Tim Schaller in Bruins zone.
18:30 of 3rd period - Marko Dano is hit by J.T. Miller.
19:06 of 3rd period - Cole Schneider is hit by Anton Volchenkov and loses puck.
19:17 of 3rd period - Bruins, Philipp Grubauer is pulled from the net.
19:27 of 3rd period - Wrist shot by Marko Dano.
19:27 of 3rd period - Shot Misses the Net.
19:37 of 3rd period - Snap shot by Marko Dano.
19:37 of 3rd period - Shot Misses the Net.
19:39 of 3rd period - Snap shot by Cole Schneider.
19:39 of 3rd period - Stopped by Yann Danis without a rebound.
19:40 of 3rd period - Doug Weight call a timeout for Bruins.
19:40 of 3rd period - Travis Morin wins face-off versus Marko Dano in Ice Hogs zone.
19:55 of 3rd period - Wrist shot by Cole Schneider.
19:55 of 3rd period - Shot Blocked by Frank Corrado.
19:57 of 3rd period - Wrist shot by Marko Dano.
19:57 of 3rd period - Shot Misses the Net.
19:59 of 3rd period - Snap shot by Cole Schneider.
19:59 of 3rd period - Shot Misses the Net.
Goals for this period are 0 for Bruins vs 1 for Ice Hogs.
Shots for this period are 5 for Bruins vs 12 for Ice Hogs.